 Dungeon Crawl Stone Soup version 0.30.0-29-ga12c61a403 (webtiles) character file.

Game seed: 18341448652931208615

21863 MacCMillion the Frost Mage (level 12, -8/92 HPs)
             Began as a Gnoll Ice Elementalist on June 15, 2023.
             Was the Champion of Cheibriados.
             Mangled by a bog body (24 damage)
             ... on level 2 of the Lair of Beasts.
             The game lasted 00:26:59 (14272 turns).

MacCMillion the Frost Mage (GnIE)                  Turns: 14272, Time: 00:27:00

Health: -8/92      AC: 11    Str: 22    XL:     12   Next: 94%
Magic:  24/25      EV: 21    Int: 42    God:    Cheibriados [******]
Gold:   636        SH:  0    Dex: 27    Spells: 15/30 levels left

rFire   . . .        E - +3 sling (elec)
rCold   . . .        (no shield)
rNeg    . . .        a - +1 robe
rPois   .            S - +1 hat {Will+}
rElec   .            z - +0 cloak
rCorr   .            I - +0 pair of gloves
SInv    .            (no boots)
Will    +....        g - amulet of regeneration
Stlth   +++++        J - +6 ring of intelligence
HPRegen 1.15/turn    D - +4 ring of protection
MPRegen 0.19/turn

%: no passive effects
@: slowed, very slow
A: fangs 1, strong nose, distributed training
a: Renounce Religion, Bend Time, Temporal Distortion, Slouch, Step From Time


You were on level 2 of the Lair of Beasts.
You worshipped Cheibriados.
Cheibriados was exalted by your worship.
You visited 2 branches of the dungeon, and saw 13 of its levels.

You collected 664 gold pieces.
You spent 28 gold pieces at shops.

Inventory:

Hand Weapons
 c - a +1 dagger of pain
 A - a +2 dagger of venom
 E - a +3 sling of electrocution (weapon)
Missiles
 F - 6 throwing nets
Armour
 a - a +1 robe (worn)
 w - a +1 ring mail of willpower
 z - a +0 cloak (worn)
 I - a +0 pair of gloves (worn)
 S - a +1 hat of willpower (worn)
Jewellery
 g - an amulet of regeneration (around neck)
 n - a ring of willpower
 D - a +4 ring of protection (right hand)
 H - a ring of willpower
 J - a +6 ring of intelligence (left hand)
 R - a ring of positive energy
Wands
 q - a wand of paralysis (17)
 x - a wand of roots (5)
 y - a wand of flame (20)
 M - a wand of digging (3)
Scrolls
 i - a scroll of noise
 j - 3 scrolls of immolation
 k - a scroll of amnesia
 l - a scroll of enchant armour
 p - a scroll of blinking
 r - a scroll of enchant weapon
 s - 2 scrolls of teleportation
 v - a scroll of poison
 C - a scroll of butterflies
 G - a scroll of magic mapping {unknown}
 L - a scroll of torment {unknown}
 N - a scroll of vulnerability {unknown}
 O - 2 scrolls of identify
 P - a scroll of acquirement {unknown}
Potions
 b - 2 potions of magic
 d - 2 potions of ambrosia
 e - 4 potions of brilliance
 f - 6 potions of curing
 h - 2 potions of mutation
 m - a potion of heal wounds
 o - 2 potions of cancellation {unknown}
 t - a potion of lignification {unknown}
 u - 2 potions of flight {unknown}
 B - a potion of invisibility {unknown}
 K - a potion of degeneration {unknown}
 Q - a potion of haste {unknown}


   Skills:
 + Level 8.0 Fighting
 + Level 8.0 Short Blades
 + Level 8.0 Long Blades
 + Level 8.0 Axes
 + Level 8.0 Maces & Flails
 + Level 8.0 Polearms
 + Level 8.0 Staves
 + Level 8.0 Ranged Weapons
 + Level 8.0 Throwing
 + Level 8.0 Armour
 + Level 9.3 Dodging
 + Level 9.1 Stealth
 + Level 8.0 Shields
 + Level 8.0 Unarmed Combat
 + Level 9.5 Spellcasting
 + Level 6.7 Conjurations
 + Level 6.7 Hexes
 + Level 6.7 Summonings
 + Level 6.7 Necromancy
 + Level 6.7 Translocations
 + Level 6.7 Transmutations
 + Level 6.7 Fire Magic
 + Level 9.8 Ice Magic
 + Level 6.7 Air Magic
 + Level 6.7 Earth Magic
 + Level 6.7 Poison Magic
 + Level 8.8 Invocations
 + Level 8.0 Evocations


You had 15 spell levels left.
You knew the following spells:

 Your Spells              Type           Power      Damage    Failure   Level
a - Freezing Cloud        Conj/Ice/Air   35%        6-21      1%          5
b - Frozen Ramparts       Ice            100%       1d16      1%          3
c - Ozocubu's Armour      Ice            80%        N/A       1%          3
d - Summon Ice Beast      Ice/Summ       74%        N/A       1%          4

Your spell library contained the following spells:

 Spells                   Type           Power      Damage    Failure   Level
 Freeze                   Ice            100%       1d10      1%          1
 Magic Dart               Conj           100%       1d8       1%          1
 Sandblast                Erth           100%       2d20      1%          1
 Sting                    Tmut/Pois      100%       1d8       1%          1
 Blink                    Tloc           100%       N/A       1%          2
 Cigotuvi's Dreadful Rot  Necr/Pois/Air  100%       N/A       1%          2
 Lesser Beckoning         Tloc           100%       N/A       1%          2
 Momentum Strike          Conj/Tloc      100%       3d10      1%          2
 Passwall                 Tmut/Erth      55%        N/A       1%          2
 Poisonous Vapours        Pois/Air       100%       N/A       1%          2
 Searing Ray              Conj           100%       2d8       1%          2
 Hailstorm                Conj/Ice       74%        3d15      1%          3
 Ignite Poison            Fire/Tmut/Pois 66%        N/A       1%          3
 Stone Arrow              Conj/Erth      100%       3d13      1%          3
 Fulminant Prism          Conj/Hex       33%        3d15      1%          4
 Olgreb's Toxic Radiance  Pois           66%        N/A       1%          4


Dungeon Overview and Level Annotations

Branches:
Dungeon (11/15)            Temple (0/1) D:6            Lair (2/5) D:8
  Swamp (0/4) Lair:2
  Snake: Lair:2-3    Spider: Lair:2-3       Orc: D:9-12

Altars:
Ashenzari
Cheibriados
Elyvilon
Gozag
Kikubaaqudgha
Qazlal
Sif Muna
Zin

Shops:
D:1 (   D:4 (?*=   D:5 [   D:9 *

Annotations:
D:3 3 runed translucent doors, vvl's ghost, amateur GrFi


Innate Abilities, Weirdness & Mutations

You have very sharp teeth.
Your uncanny sense of smell can sniff out nearby items.
Your experience applies equally to all skills.


Message History

A bog body comes into view.
A bog body is nearby!
You shoot a sling bullet. The sling bullet hits the bog body!
Lightning courses through the bog body!
The bog body is heavily damaged.
You shoot a sling bullet. The sling bullet hits the bog body!
The bog body is heavily damaged.
No target in view!
You start waiting.
A bog body is nearby!
You shoot a sling bullet.
The sling bullet closely misses the bog body.
You shoot a sling bullet. The sling bullet hits the bog body.
The bog body is severely damaged.
The bog body casts a spell at you. The bolt of cold misses you.
You shoot a sling bullet.
The sling bullet closely misses the bog body.
You shoot a sling bullet.
The sling bullet closely misses the bog body.
The bog body touches you. The bog body freezes you!!
You shoot a sling bullet. The sling bullet hits the bog body.
The bog body is severely damaged.
The bog body touches you. The bog body freezes you!!
The bog body barely misses you.
You are too injured to fight recklessly!
The flow of time bends around you.
Cheibriados rebukes the bog body.
The bog body seems to slow down.
The bog body misses you. The bog body casts a spell at you.
The bolt of cold hits you!!
* * * LOW HITPOINT WARNING * * *
The bog body is no longer moving slowly.
The bog body attacks as you move away! The bog body closely misses you.
The bog body casts a spell at you.
You feel as though you will be slow longer.
The bog body touches you.
* * * LOW HITPOINT WARNING * * *
The bog body freezes you!!
You die...

##......# ..
........#.. ♣~
..#.....#. §§♣
......... ~§§~
........## ### .§~§.
~~.>.....####.#...§§.
≈~~.~~.†.÷.......§.#
≈~≈≈≈≈~...).........#
≈~≈≈≈~~~..@n.........
≈≈≈≈≈≈~.<............
~≈≈≈≈≈≈..............
.~~~~~...............
.....................
.....................
...................
.................
...............


You could see a bog body.

Vanquished Creatures
  Gastronok (Lair:1)
  Harold (D:9)
  Erica (D:8)
  A catoblepas (Lair:1)
  A boulder beetle (D:11)
  2 two-headed ogres
  Nergalle (Lair:1)
  A bog body (Lair:2)
  Maggie (Lair:2)
  5 cane toads (Lair:1)
  3 komodo dragons
  4 trolls
  A dream sheep (Lair:2)
  Grinder (D:6)
  2 water elementals (D:11)
  2 wraiths (D:11)
  3 wyverns
  34 yaks
  A basilisk (Lair:2)
  3 vampire mosquitoes (D:10)
  3 wargs (D:8)
  An acid dragon (D:11)
  An orc warrior (D:9)
  5 water moccasins
  A sky beast (D:6)
  4 ice beasts
  4 black bears
  2 ogres
  8 centaurs
  A phantom (D:5)
  10 bullfrogs
  6 gnoll sergeants
  2 scorpions
  5 wights (D:8)
  10 killer bees (D:7)
  2 electric eels (D:11)
  A howler monkey (D:6)
  4 hounds
  8 orc priests
  2 gnoll boudas
  An iron imp (D:5)
  A sleepcap (D:5)
  2 iguanas
  15 orc wizards
  13 adders
  29 gnolls
  A white imp (D:6)
  2 ufetubi
  3 worms
  A dart slug (D:1)
  30 orcs
  9 ball pythons
  7 bats
  5 endoplasms
  2 giant cockroaches (D:1)
  15 goblins
  7 hobgoblins
  4 quokkas
  4 frilled lizards
  11 kobolds
  6 rats
317 creatures vanquished.

Notes
Turn   | Place    | Note
-------+----------+-------------------------------------------
     0 | D:1      | MacCMillion the Gnoll Ice Elementalist began the quest for
                  | the Orb.
     0 | D:1      | Reached XP level 1. HP: 13/13 MP: 6/6
   260 | D:1      | Reached XP level 2. HP: 19/19 MP: 7/7
   436 | D:1      | Found Otixer's Antique Weapon Boutique.
   488 | D:1      | Reached skill level 5 in Spellcasting
   488 | D:1      | Reached XP level 3. HP: 23/25 MP: 2/9
   493 | D:1      | Learned a level 3 spell: Frozen Ramparts
   497 | D:1      | Learned a level 3 spell: Ozocubu's Armour
   682 | D:1      | Reached skill level 1 in Invocations
   909 | D:2      | Reached skill level 1 in Fighting
   909 | D:2      | Reached skill level 1 in Short Blades
   909 | D:2      | Reached skill level 1 in Long Blades
   909 | D:2      | Reached skill level 1 in Axes
   909 | D:2      | Reached skill level 1 in Maces & Flails
   909 | D:2      | Reached skill level 1 in Polearms
   909 | D:2      | Reached skill level 1 in Staves
   909 | D:2      | Reached skill level 1 in Ranged Weapons
   909 | D:2      | Reached skill level 1 in Throwing
   909 | D:2      | Reached skill level 1 in Armour
   909 | D:2      | Reached skill level 1 in Shields
   909 | D:2      | Reached skill level 1 in Unarmed Combat
   909 | D:2      | Reached skill level 1 in Evocations
  1032 | D:2      | Reached XP level 4. HP: 32/32 MP: 3/11
  1418 | D:2      | Reached skill level 1 in Conjurations
  1418 | D:2      | Reached skill level 1 in Hexes
  1418 | D:2      | Reached skill level 1 in Summonings
  1418 | D:2      | Reached skill level 1 in Necromancy
  1418 | D:2      | Reached skill level 1 in Translocations
  1418 | D:2      | Reached skill level 1 in Transmutations
  1418 | D:2      | Reached skill level 1 in Fire Magic
  1418 | D:2      | Reached skill level 1 in Air Magic
  1418 | D:2      | Reached skill level 1 in Earth Magic
  1418 | D:2      | Reached skill level 1 in Poison Magic
  1903 | D:3      | Found a runed translucent gate.
  1908 | D:3      | Reached XP level 5. HP: 26/37 MP: 8/12
  1967 | D:3      | Found a runed translucent gate.
  1968 | D:3      | Found a runed translucent gate.
  1968 | D:3      | Noticed vvl's ghost (amateur GrFi)
  2984 | D:4      | Reached XP level 6. HP: 33/44 MP: 9/13
  3171 | D:4      | Reached skill level 5 in Dodging
  3648 | D:4      | Found Boat's Weapon Emporium.
  3648 | D:4      | Found Fipsofueci's General Store.
  3649 | D:4      | Found Tisaid's Magic Scroll Emporium.
  3651 | D:4      | Found Jonyx's Jewellery Emporium.
  3913 | D:4      | Bought a scroll of identify for 28 gold pieces
  3925 | D:5      | Entered Level 5 of the Dungeon
  3962 | D:5      | Noticed a yak
  3983 | D:5      | Learned a level 4 spell: Summon Ice Beast
  4004 | D:5      | Reached XP level 7. HP: 51/51 MP: 11/15
  4158 | D:5      | Found Jikuucw's Armour Shoppe.
  4197 | D:5      | Found a snail-covered altar of Cheibriados.
  4313 | D:5      | Reached skill level 5 in Stealth
  4359 | D:5      | Became a worshipper of Cheibriados the Contemplative
  4420 | D:5      | You fall into a shaft and drop 2 floors!
  4588 | D:7      | Reached XP level 8. HP: 53/58 MP: 10/16
  4741 | D:7      | Reached * piety under Cheibriados
  5137 | D:5      | Identified the +5 hand axe "Yxuapnuz" {antimagic, rElec
                  | rPois Str-4}
  5354 | D:5      | Noticed a wyvern
  5356 | D:5      | Noticed a yak
  5362 | D:5      | Noticed a yak
  5363 | D:5      | Noticed a yak
  5368 | D:5      | Killed a wyvern
  5372 | D:5      | Killed a yak
  5373 | D:5      | Reached XP level 9. HP: 45/65 MP: 11/18
  5379 | D:5      | Reached ** piety under Cheibriados
  5637 | D:5      | Found a white marble altar of Elyvilon.
  5638 | D:5      | Found a broken altar of Ashenzari.
  5640 | D:5      | Found an ancient bone altar of Kikubaaqudgha.
  5829 | D:5      | Found an opulent altar of Gozag.
  6129 | D:6      | Reached skill level 5 in Invocations
  6504 | D:6      | Noticed Grinder
  6545 | D:6      | Killed Grinder
  6874 | D:6      | Found a staircase to the Ecumenical Temple.
  6928 | D:6      | Noticed an angel
  6929 | D:6      | Found a glowing silver altar of Zin.
  7474 | D:7      | Reached skill level 5 in Fighting
  7474 | D:7      | Reached skill level 5 in Short Blades
  7474 | D:7      | Reached skill level 5 in Long Blades
  7474 | D:7      | Reached skill level 5 in Axes
  7474 | D:7      | Reached skill level 5 in Maces & Flails
  7474 | D:7      | Reached skill level 5 in Polearms
  7474 | D:7      | Reached skill level 5 in Staves
  7474 | D:7      | Reached skill level 5 in Ranged Weapons
  7474 | D:7      | Reached skill level 5 in Throwing
  7474 | D:7      | Reached skill level 5 in Armour
  7474 | D:7      | Reached skill level 5 in Shields
  7474 | D:7      | Reached skill level 5 in Unarmed Combat
  7474 | D:7      | Reached skill level 5 in Evocations
  7474 | D:7      | Reached XP level 10. HP: 51/74 MP: 15/20
  7579 | D:7      | Found a stormy altar of Qazlal.
  7876 | D:8      | Learned a level 5 spell: Freezing Cloud
  7909 | D:8      | Reached *** piety under Cheibriados
  8201 | D:8      | Found a staircase to the Lair.
  8427 | D:8      | Noticed Erica
  8438 | D:8      | Killed Erica
  8472 | D:8      | Reached **** piety under Cheibriados
  9016 | D:9      | Reached skill level 5 in Conjurations
  9016 | D:9      | Reached skill level 5 in Hexes
  9016 | D:9      | Reached skill level 5 in Summonings
  9016 | D:9      | Reached skill level 5 in Necromancy
  9016 | D:9      | Reached skill level 5 in Translocations
  9016 | D:9      | Reached skill level 5 in Transmutations
  9016 | D:9      | Reached skill level 5 in Fire Magic
  9016 | D:9      | Reached skill level 5 in Air Magic
  9016 | D:9      | Reached skill level 5 in Earth Magic
  9016 | D:9      | Reached skill level 5 in Poison Magic
  9016 | D:9      | Reached XP level 11. HP: 74/81 MP: 17/22
  9116 | D:9      | Found Ibyhergh's Overcharged Wands.
  9373 | D:9      | Noticed a two-headed ogre
  9379 | D:9      | Reached ***** piety under Cheibriados
  9382 | D:9      | Killed a two-headed ogre
  9384 | D:9      | Noticed Harold
  9406 | D:9      | Killed Harold
  9504 | D:9      | Found a shimmering blue altar of Sif Muna.
  9794 | D:10     | Entered Level 10 of the Dungeon
 10774 | D:11     | Noticed a two-headed ogre
 11217 | D:11     | Reached XP level 12. HP: 91/91 MP: 12/24
 11360 | D:11     | Noticed a boulder beetle
 11371 | D:11     | Killed a two-headed ogre
 11640 | D:11     | Killed a boulder beetle
 12378 | Lair:1   | Entered Level 1 of the Lair of Beasts
 12379 | Lair:1   | Noticed a catoblepas
 12384 | Lair:1   | Killed a catoblepas
 13052 | Lair:1   | Noticed Nergalle
 13075 | Lair:1   | Killed Nergalle
 13075 | Lair:1   | Reached ****** piety under Cheibriados
 13577 | Lair:1   | Noticed Gastronok
 13586 | Lair:1   | Killed Gastronok
 13940 | Lair:2   | Noticed Maggie
 13949 | Lair:2   | Killed Maggie
 14252 | Lair:2   | Found a staircase to the Swamp.
 14272 | Lair:2   | Mangled by a bog body

Illustrated notes

Levels and vault maps discovered:
D:1:      wander_arrival_chamber, layout_rooms, serial_shops,
          nicolae_shop_crystal
D:2:      minmay_general_purpose_star, layout_basic, corner_web_ring
D:3:      layout_loops_ring, ebering_ghost_rock_garden, serial_park_tiny_pond
D:4:      layout_cave_pods, minivault_14, minmay_shop_grid_forest
D:5:      layout_loops_ring, minitemple, mainiacjoe_overflow_alcove_4,
          chei_slow_surprise, serial_shops, shop
D:6:      layout_cave_pools, zin_angel, minmay_temple_entry_enclosed_plants,
          minmay_a_box_with_orc_wizards_in_it, uniq_grinder
D:7:      layout_basic, kennysheep_mini
D:8:      layout_basic, erik_lair_orcish_takeover, nicolae_grassy_gnolls,
          uniq_erica
D:9:      layout_cave_pools, overflow_temple_1_default,
          nicolae_shop_overcharged_wands, uniq_harold
D:10:     layout_irregular_city
D:11:     layout_roguey, serial_bayou, serial_bayou_pond_b,
          serial_bayou_lagoon_a, serial_bayou_lake_a, serial_bayou_pond_c
Lair:1:   layout_chaotic_city, serial_bayou_shore_b, grunt_megastairs_3,
          lemuel_fruit_fields, serial_bayou_shore_a, uniq_nergalle,
          uniq_gastronok
Lair:2:   gammafunk_lair_enchanted_lake, layout_regular_city,
          skrybe_swamp_entry_bodies, kennysheep_abandoned_house,
          infiniplex_staircase_pool, uniq_maggie

Skill      XL: |  1  2  3  4  5  6  7  8  9 10 11 12 |
---------------+-------------------------------------+-----
Spellcasting   | 5 6 7 8 9 |  9.5
Invocations    | 1 2 3 4 5 6 7 8 |  8.8
Fighting       | 1 2 3 4 5 6 7 8 |  8.0
Short Blades   | 1 2 3 4 5 6 7 8 |  8.0
Long Blades    | 1 2 3 4 5 6 7 8 |  8.0
Axes           | 1 2 3 4 5 6 7 8 |  8.0
Maces & Flails | 1 2 3 4 5 6 7 8 |  8.0
Polearms       | 1 2 3 4 5 6 7 8 |  8.0
Staves         | 1 2 3 4 5 6 7 8 |  8.0
Ranged Weapons | 1 2 3 4 5 6 7 8 |  8.0
Throwing       | 1 2 3 4 5 6 7 8 |  8.0
Armour         | 1 2 3 4 5 6 7 8 |  8.0
Shields        | 1 2 3 4 5 6 7 8 |  8.0
Unarmed Combat | 1 2 3 4 5 6 7 8 |  8.0
Evocations     | 1 2 3 4 5 6 7 8 |  8.0
Conjurations   | 1 2 3 4 5 6 |  6.7
Hexes          | 1 2 3 4 5 6 |  6.7
Summonings     | 1 2 3 4 5 6 |  6.7
Necromancy     | 1 2 3 4 5 6 |  6.7
Translocations | 1 2 3 4 5 6 |  6.7
Transmutations | 1 2 3 4 5 6 |  6.7
Fire Magic     | 1 2 3 4 5 6 |  6.7
Air Magic      | 1 2 3 4 5 6 |  6.7
Earth Magic    | 1 2 3 4 5 6 |  6.7
Poison Magic   | 1 2 3 4 5 6 |  6.7
Dodging        | 5 6 7 8 9 |  9.3
Stealth        | 5 6 7 8 9 |  9.1
Ice Magic      | 8 9 |  9.8

Action                     |  1- 3 |  4- 6 |  7- 9 | 10-12 || total
---------------------------+-------+-------+-------+-------++-------
  Melee: Dagger            |    26 |    68 |   165 |    29 ||   288
         Bite              |       |     8 |    32 |     6 ||    46
         Punch             |       |       |     6 |     1 ||     7
   Fire: Sling             |       |       |       |   476 ||   476
   Cast: Freeze            |    30 |     1 |       |       ||    31
         Frozen Ramparts   |     4 |    20 |    28 |    54 ||   106
         Ozocubu's Armour  |     1 |     5 |    19 |    39 ||    64
         Summon Ice Beast  |       |       |     1 |       ||     1
         Freezing Cloud    |       |       |       |    19 ||    19
 Invoke: Bend Time         |       |       |       |     1 ||     1
  Evoke: Wand              |       |       |       |     8 ||     8
    Use: Scroll            |       |     4 |     3 |     8 ||    15
   Stab: Sleeping          |     9 |     8 |     5 |     2 ||    24
         Distracted        |       |     1 |     1 |       ||     2
 Armour: Robe              |    12 |    19 |    42 |    94 ||   167
  Dodge: Dodged            |    25 |    30 |   110 |   289 ||   454
